 Dungeon Crawl Stone Soup version 0.31-a0-801-gc67433417a (webtiles) character file.

Game seed: 16054308099958688648

1440 ANON1729 the Trooper (level 8, -5/73 HPs)
             Began as a Minotaur Monk on Sept 20, 2023.
             Slain by a gnoll sergeant
             ... wielding a +0 trident
              (8 damage)
             ... on level 6 of the Dungeon.
             The game lasted 00:03:29 (4691 turns).

ANON1729 the Trooper (Minotaur Monk)                Turns: 4691, Time: 00:03:30

Health: -5/73      AC:  9    Str: 16    XL:     8   Next: 46%
Magic:  0/7        EV: 13    Int:  7    God:
Gold:   311        SH:  0    Dex: 15    Spells: 7/7 levels left

rFire   . . .        a - +0 falchion
rCold   . . .        d - orb {light}
rNeg    . . .        w - +1 ring mail {rPois}
rPois   +            (helmet restricted)
rElec   .            q - +0 cloak
rCorr   .            (no gloves)
SInv    .            B - +0 pair of boots
Will    .....        k - amulet of guardian spirit
Stlth   +            t - ring of flight
HPRegen 0.32/turn    (no ring)
MPRegen 0.10/turn

%: guardian spirit
@: flying, glowing
A: horns 2, retaliatory headbutt
a: no special abilities


You were on level 6 of the Dungeon.
You visited 1 branch of the dungeon, and saw 6 of its levels.
You also visited: Ossuary.

You collected 311 gold pieces.

Inventory:

Hand Weapons
 a - a +0 falchion (weapon)
Missiles
 A - a throwing net
Armour
 b - a +0 robe
 d - an orb of light (worn)
 q - a +0 cloak (worn)
 u - a +0 scale mail
 w - a +1 ring mail of poison resistance (worn)
 B - a +0 pair of boots (worn)
Jewellery
 k - an amulet of guardian spirit (around neck)
 t - a ring of flight (left hand)
Wands
 v - a wand of acid (28)
 y - a wand of charming (14)
Scrolls
 c - a scroll of teleportation {unknown}
 g - 6 scrolls of identify {unknown}
 i - 2 scrolls of enchant armour {unknown}
 j - a scroll of enchant weapon {unknown}
 l - a scroll of amnesia {unknown}
 m - a scroll of immolation {unknown}
 o - a scroll of poison {unknown}
 r - a scroll of blinking {unknown}
 z - a scroll of summoning {unknown}
 D - a scroll of vulnerability {unknown}
 G - a scroll of noise {unknown}
Potions
 e - 2 potions of enlightenment
 f - 2 potions of magic {unknown}
 h - a potion of heal wounds
 n - 2 potions of lignification {unknown}
 p - 4 potions of curing {unknown}
 s - 3 potions of mutation {unknown}
 C - a potion of haste {unknown}
 E - 2 potions of attraction {unknown}
 F - a potion of resistance {unknown}
 H - a potion of berserk rage {unknown}


   Skills:
 + Level 7.3 Fighting
 + Level 7.2 Long Blades
 + Level 6.0 Armour
 + Level 6.6 Dodging


You had 7 spell levels left.
You didn't know any spells.
Your spell library contained the following spells:

 Spells                   Type           Power      Damage    Failure   Level
 Kiss of Death            Conj/Necr      0%         2d5       63%         1
 Alistair's Intoxication  Tmut/Pois      0%         N/A       100%        5
 Borgnjor's Vile Clutch   Necr/Erth      0%         N/A       100%        5
 Eringya's Noxious Bog    Tmut/Pois      0%         4d6       100%        6


Dungeon Overview and Level Annotations

Branches:
Dungeon (6/15)            Ossuary (visited)
 Temple: D:4-7

Altars:
Kikubaaqudgha
Nemelex Xobeh
Sif Muna

Shops:
D:1 (   D:2 (


Innate Abilities, Weirdness & Mutations

You have a pair of horns on your head.
You reflexively headbutt those who attack you in melee.


Message History

You slash the ice beast! Your headbutt misses the ice beast.
The ice beast is heavily wounded.
The ice beast hits you but does no damage.
The gnoll sergeant hits you from afar with a +0 trident.
* * * LOW HITPOINT WARNING * * *
The ice beast attacks as it pursues you!
The ice beast misses you.
You feel less invigorated.
You feel less confused. The ice beast hits you. The ice beast freezes you.
You hit the ice beast but do no damage.
The ice beast is heavily wounded.
The gnoll sergeant misses you. The ice beast hits you.
The ice beast freezes you!
* * * LOW HITPOINT WARNING * * *
You barely miss the ice beast. You headbutt the ice beast.
The ice beast is severely wounded.
The gnoll sergeant barely misses you.
You slash the ice beast!
You kill the ice beast!
The gnoll sergeant closely misses you.
Your Armour skill increases to level 6!
The gnoll sergeant hits you with a +0 trident.
* * * LOW HITPOINT WARNING * * *
You hit the gnoll sergeant. You headbutt the gnoll sergeant.
The gnoll sergeant is heavily wounded.
The gnoll sergeant hits you with a +0 trident!
* * * LOW HITPOINT WARNING * * *
You hit the gnoll sergeant.
The gnoll sergeant is severely wounded.
The gnoll sergeant barely misses you.
You hit the gnoll sergeant but do no damage.
You headbutt the gnoll sergeant.
The gnoll sergeant is severely wounded.
The gnoll sergeant hits you with a +0 trident.
* * * LOW HITPOINT WARNING * * *
You hit the gnoll sergeant but do no damage.
The gnoll sergeant is severely wounded.
The gnoll sergeant hits you with a +0 trident!
You die...

###.............#..
#.#...............# ..
##.............##...
..####..............#....
....#............#.......
.....##......†.###.......
#>:....[......#........
##.......#.............
#...)g@..#....>........
##..))#..#..........#..
#.....##.#.......####..
#..#.....#.......# #.
....##...#........######.
.... .#.###.....(.###....
..# #.#.# ... #..... .$
#.... .... ...... #...#
####. ......


You could see a gnoll sergeant.

Vanquished Creatures
  3 ice beasts (D:6)
  An ogre (D:6)
  A kobold brigand (D:6)
  4 scorpions
  A jelly (D:5)
  2 orc priests
  Crazy Yiuf (D:2)
  A gnoll bouda (D:4)
  4 iguanas
  7 orc wizards
  3 mummies (Ossuary)
  11 gnolls
  5 adders
  An adder zombie (Ossuary)
  3 worms
  A dart slug (D:2)
  24 orcs
  9 endoplasms
  3 giant cockroaches
  A gnoll zombie (Ossuary)
  6 goblins
  10 hobgoblins
  2 jackals (D:1)
  10 kobolds
  3 quokkas
  7 ball pythons
  10 bats
  3 frilled lizards
  7 goblin zombies
  4 hobgoblin zombies (Ossuary)
  2 kobold zombies (Ossuary)
  3 quokka zombies (Ossuary)
  5 rats
  2 rat zombies (Ossuary)
160 creatures vanquished.

Vanquished Creatures (others)
  A human (D:4)
1 creature vanquished.

Grand Total: 161 creatures vanquished

Notes
Turn   | Place    | Note
-------+----------+-------------------------------------------
     0 | D:1      | ANON1729 the Minotaur Monk began the quest for the Orb.
     0 | D:1      | Reached XP level 1. HP: 19/19 MP: 0/0
   136 | D:1      | Reached XP level 2. HP: 26/27 MP: 1/1
   140 | D:1      | Reached skill level 1 in Armour
   415 | D:1      | Found Uthreokea's Antique Weapon Emporium.
   560 | D:2      | Reached XP level 3. HP: 26/33 MP: 2/2
   875 | D:2      | Found Aheakhlu's Weapon Shop.
   954 | D:2      | Reached XP level 4. HP: 41/41 MP: 3/3
   964 | D:2      | Found a runed translucent door.
   965 | D:2      | Noticed Crazy Yiuf
  1389 | D:2      | Killed Crazy Yiuf
  1621 | D:3      | Reached XP level 5. HP: 44/47 MP: 4/4
  2374 | D:4      | Reached skill level 5 in Fighting
  2380 | D:4      | Reached skill level 5 in Long Blades
  2466 | D:4      | Reached XP level 6. HP: 50/56 MP: 5/5
  2551 | D:4      | Reached skill level 5 in Dodging
  2551 | D:4      | Found a sparkling altar of Nemelex Xobeh.
  2874 | D:4      | Reached XP level 7. HP: 53/62 MP: 4/6
  3120 | D:4      | Found an ancient bone altar of Kikubaaqudgha.
  3121 | D:4      | Noticed a human
  3123 | D:4      | Killed a human
  3184 | D:5      | Entered Level 5 of the Dungeon
  3699 | D:5      | Found a shimmering blue altar of Sif Muna.
  3714 | D:5      | Got a disorganized book
  4141 | D:6      | Reached skill level 5 in Armour
  4146 | D:6      | Reached XP level 8. HP: 34/71 MP: 2/7
  4169 | D:6      | Found a sand-covered staircase.
  4331 | Ossuary  | Entered an ossuary
  4690 | D:6      | HP: 2/73 [gnoll sergeant/+0 trident (3)]
  4691 | D:6      | Slain by a gnoll sergeant

Illustrated notes

Levels and vault maps discovered:
D:1:      dpeg_arrival_triangle_fractal, layout_rooms, serial_shops, shop,
          minmay_domino_2
D:2:      layout_basic, serial_shops, shop, serial_glass, glass_columns_b,
          glass_columns_c, glass_columns_a, glass_columns_c,
          uniq_crazy_yiuf_cottage
D:3:      layout_loops_ring, minmay_misc_feat_tower
D:4:      layout_rooms, mainiacjoe_overflow_small_starburst, tgw_kikubaaqudgha
D:5:      layout_basic, led_sif_book
D:6:      lemuel_slime, layout_cave_pools, mainiacjoe_overflow_six_doors_small,
          general_overflow_altar, enter_ossuary_4

Skill      XL: |  1  2  3  4  5  6  7  8 |
---------------+-------------------------+-----
Armour         | 1 2 3 4 5 6 |  6.0
Long Blades    | 4 5 6 7 |  7.2
Fighting       | 4 5 6 7 |  7.3
Dodging        | 4 5 6 |  6.6

Action                     |  1- 3 |  4- 6 |  7- 9 || total
---------------------------+-------+-------+-------++-------
  Melee: Falchion          |    65 |   151 |   168 ||   384
         Headbutt          |    11 |    43 |    35 ||    89
    Use: Potion            |       |     3 |     1 ||     4
 Armour: Robe              |    35 |    19 |       ||    54
         Scale mail        |       |    79 |     3 ||    82
         Ring mail         |       |       |    91 ||    91
  Dodge: Dodged            |    52 |    88 |   107 ||   247

Table legend: (Time is in decaauts)
 A = Elapsed time spent in this place.
 B = Non-inter-level travel time spent in this place.
 C = Inter-level travel time spent in this place.
 D = Time resting spent in this place.
 E = Time spent auto-exploring this place.
 F = Levels seen in this place.
 G = Mean time per level.
                   A        B        C        D        E       F      G
               +--------+--------+--------+--------+--------+-----+--------+
         Total |   4700 |   4436 |    264 |      0 |   3573 |   7 |  671.4 |
       Dungeon |   4483 |   4219 |    264 |      0 |   3444 |   6 |  747.2 |
       Ossuary |    216 |    216 |      0 |      0 |    129 |   1 |  216.0 |
               +--------+--------+--------+--------+--------+-----+--------+

Top non-repeatable levels by time:
     D:2: 985 daAuts
     D:4: 835 daAuts
     D:3: 827 daAuts
     D:5: 813 daAuts
     D:1: 549 daAuts
     D:6: 472 daAuts
 Ossuary: 216 daAuts
